 Dungeon Crawl Stone Soup version 0.17-a0-1731-g129c023 (console) character file.

225 lauthentik the Ruffian (level 5, -5/44 HPs)
             Began as a Draconian Transmuter on Aug 27, 2015.
             Killed by nerve-wracking pain
             ... invoked by an orc priest
              (13 damage)
             ... on level 4 of the Dungeon on Aug 29, 2015.
             The game lasted 00:14:35 (2510 turns).

lauthentik the Ruffian (Draconian Transmuter)       Turns: 2510, Time: 00:14:42

Health: -5/44      AC:  9    Str: 12    XL:     5   Next: 68%
Magic:  4/9        EV: 13    Int: 15    God:
Gold:   103        SH:  0    Dex: 11    Spells: 2 memorised, 6 levels left

rFire  . . .     SeeInvis .       - Unarmed
rCold  . . .     Clarity  .     (armour unavailable)
rNeg   . . .     SustAt   .     (no shield)
rPois  .         Gourm    .     (helmet restricted)
rElec  .         Spirit   .     k - +1 cloak
rCorr  .         Warding  .     (no gloves)
rMut   .         Stasis   .     n - +1 pair of boots
MR     .....                    (no amulet)
Stlth  +.........               (no ring)
                                (no ring)

@: lethally poisoned (-5 -> -7), appendage, not resistant to hostile
enchantments, very unstealthy
A: unfitting armour, horns 2, cold-blooded, AC +5
a: End Transformation


You were on level 4 of the Dungeon.
You were not hungry.
You had grown temporary horns.
You visited 1 branch of the dungeon, and saw 4 of its levels.

You collected 103 gold pieces.

Inventory:

Missiles
 a - 63 arrows
 p - 13 arrows of frost
 v - a tomahawk (quivered)
Armour
 k - a +1 cloak (worn)
 n - a +1 pair of boots (worn)
Scrolls
 d - 5 scrolls of identify {unknown}
 f - a scroll of remove curse {unknown}
 h - a scroll of fog {unknown}
 i - a scroll of enchant armour {unknown}
 j - a scroll of random uselessness {unknown}
 m - a scroll of immolation {unknown}
 q - a scroll of noise {unknown}
 t - a scroll of enchant weapon {unknown}
Potions
 e - 2 potions of curing {unknown}
 g - a potion of ambrosia {unknown}
 r - a potion of lignification {unknown}
 u - a potion of flight {unknown}
Books
 b - a book of Changes

   Spells                             Type                      Level
   a - Beastly Appendage              Transmutation                1
   b - Sticks to Snakes               Transmutation                2
   c - Spider Form                    Transmutation/Poison         3
   d - Ice Form                       Ice/Transmutation            4
   e - Blade Hands                    Transmutation                5
Comestibles
 c - 3 bread rations
 l - a meat ration
 o - a royal jelly
 s - 2 chunks of flesh


   Skills:
 + Level 2.9 Fighting
 + Level 3.1 Dodging
 + Level 0.6 Stealth
 + Level 4.0 Unarmed Combat
 + Level 2.7 Spellcasting
 + Level 2.8 Transmutations


You had 6 spell levels left.
You knew the following spells:

 Your Spells              Type           Power        Failure   Level  Hunger
a - Beastly Appendage     Trmt           ##....       10%         1    #......
b - Sticks to Snakes      Trmt           ##........   12%         2    ##.....


Dungeon Overview and Level Annotations

Branches:
Dungeon (4/15)             Temple (0/1) D:4

Altars:
Dithmenos

Annotations:
D:4 kae's ghost, experienced HOFi


Innate Abilities, Weirdness & Mutations

Your plain brown scales are hard (AC +5).
Your body does not fit into most forms of armour.
You are cold-blooded and may be slowed by cold attacks.
You have a pair of horns on your head.


Message History

The tomahawk closely misses kae's ghost.
Your adder bites kae's ghost but does no damage.
Something hits your adder!
Your adder dies!
Kae's ghost hits you.
You closely miss kae's ghost.
You tail-slap kae's ghost, but do no damage.
You feel sick.
You hit kae's ghost but do no damage.
Kae's ghost hits you but does no damage.
You hit the orc priest.
The orc priest is heavily wounded.
The orc priest hits you with a mace. Kae's ghost barely misses you.
You barely miss the orc priest.
The orc priest is heavily wounded.
Kae's ghost hits you!
* * * LOW HITPOINT WARNING * * *
The orc priest mumbles some strange prayers to Beogh against you.
Pain shoots through your body!
You die...

..... #.. . )..#.....
##.# ##. #.... ..####..#
#..# #... #.##..#.
o.o###.. #.......
......# #......# #.$.##
#....... ##. ##o..###
##.......
#....##@W$..(###......#.
#......(..#...........##
##.......##.#.#.#.#.#.#
#......###.............
##....## #.#.......#.##
##.## #...........# ##
...#...>...#.#
..............#
##..#.......#.#


You could see an orc priest and kae's ghost.

Vanquished Creatures
  An ogre (D:4)
  A worker ant (D:4)
  An orc wizard (D:3)
  3 adders (D:3)
  A worm (D:2)
  3 giant geckos
  6 orcs
  A giant cockroach (D:1)
  4 goblins
  9 hobgoblins
  4 jackals (D:2)
  2 bats
  2 giant newts (D:2)
  7 kobolds
  A quokka skeleton (D:4)
  5 rats
51 creatures vanquished.

Notes
Turn   | Place    | Note
--------------------------------------------------------------
     0 | D:1      | lauthentik the Draconian Transmuter began the quest for the Orb.
     0 | D:1      | Reached XP level 1. HP: 16/16 MP: 3/3
   210 | D:1      | Reached XP level 2. HP: 23/23 MP: 3/5
   905 | D:2      | Found a shadowy altar of Dithmenos.
  1188 | D:2      | Learned a level 2 spell: Sticks to Snakes
  1197 | D:2      | Reached XP level 3. HP: 26/29 MP: 4/6
  1316 | D:2      | Upgraded the game from 0.17-a0-1719-g1afd5a1 to 0.17-a0-1731-g129c023
  1885 | D:3      | Reached XP level 4. HP: 22/36 MP: 7/7
  2430 | D:4      | Noticed an ogre
  2438 | D:4      | Killed an ogre
  2438 | D:4      | Reached XP level 5. HP: 42/44 MP: 6/8
  2444 | D:4      | Reached skill level 4 in Unarmed Combat
  2473 | D:4      | Found a staircase to the Ecumenical Temple.
  2501 | D:4      | Noticed kae's ghost (experienced HOFi)
  2510 | D:4      | Killed from afar by an orc priest

Vault maps used:
D:1:      sevenhm_arrival_forest_fort_large_2, serial_glass, glass_columns_a,
          glass_columns_c, hangedman_abyss_or_decor_lesser_grid
D:2:      grunt_dithmenos_smoke, first_bread
D:4:      nicolae_qazlal_general_emergency, overflow_temple_1_default,
          nicolae_overflow_hidden_temple, minmay_temple_entry_glass

Action                   |  1- 3 |  4- 6 || total
-------------------------+-------+-------++-------
Melee: Unarmed           |   146 |    75 ||   221
Throw: Tomahawk          |       |     1 ||     1
 Cast: Beastly Appendage |    10 |     6 ||    16
       Sticks to Snakes  |     2 |     4 ||     6
 Stab: Distracted        |     1 |       ||     1
       Sleeping          |     1 |       ||     1
  Eat: Chunk             |     4 |     2 ||     6
